Map: Ruins of Seras

Players

DemiLove

  • Race: Zerg Zerg

Wellmet - Winner!

  • Race: Terran Terran
  • League: Diamond

VOD

Have the link to the VOD?

Description

Time

  • Played on: Nov. 13, 2015, 4:07 a.m.
  • Length: 2:25
Show
View Real Time Build Order
Export as new Build Order

DemiLove Zerg 

Build Orders: Hatch First 

Get SALT Encoding   

  12  0:01  Drone  
  13  0:13  Overlord  
  13  0:18  Drone  
  14  0:32  Drone x2  
  16  0:39  Drone  
  17  0:55  Hatchery  
  16  0:58  Drone  
  16  1:01  Drone  
  18  1:11  Extractor  
  18  1:17  Spawning Pool  
  16  1:20  Drone  
  16  1:24  Drone  
  18  1:30  Drone  
  19  1:41  Overlord  
  19  2:00  Drone  
  20  2:05  Zergling x2  
  20  2:08  Zergling x2  
Show
View Real Time Build Order
Export as new Build Order

Wellmet Terran - Winner!

Build Orders:  

Get SALT Encoding   

  12  0:01  SCV  
  13  0:13  SCV  
  14  0:18  Supply Depot  
  14  0:25  SCV  
  15  0:40  SCV  
  15  0:41  Barracks  
  16  0:54  SCV  
  17  1:06  SCV  
  18  1:20  SCV  
  19  1:33  Orbital Command  
  19  1:34  Command Center  
  19  1:35  Marine  
  20  1:46  Barracks  
  20  1:53  Marine  
  21  2:00  Barracks  
  21  2:03  SCV  
  22  2:10  Supply Depot  
  23  2:22  Refinery  
Tags
 
Add a new tag
Caveats
  • Supply blocks, unpowered buildings, or Contaminate may cause inaccurate times.
  • Supply counts are checked every 10 seconds.